[Event "XVI Open Internacional Villa de Ibi"]
[Site "Ibi, Spain"]
[Date "2018.09.09"]
[Round "5.1"]
[White "Plaskett, H James"]
[Black "Serarols Mabras, Bernat"]
[Result "1-0"]
[TimeControl "15' + 2'' por jugada"]
[WhiteElo "2450"]
[BlackElo "2367"]

1. c4 e6 2. Nc3 d5 3.
d4 Bb4 4. Nf3 Nf6 5. g3 O-O 6. Bg2 dxc4 7. O-O Nc6 8. Bg5 h6 9. Bxf6 Qxf6 10. e3 Bd7 11. Nd2 Bxc3 12. bxc3 b5 13. a4 a6 14.
Ne4 Qe7 15. Nc5 Ra7 16. Nxd7 Qxd7 17. axb5 Nb8 18. Qa4 Rc8 19. Rfb1 g6 20. Qa3 Qd6 21. b6 1-0

[Event "XVI Open Internacional Villa de Ibi"]
[Site "Ibi, Spain"]
[Date "2018.09.09"]
[Round "5.2"]
[White "Granero Roca, Antonio"]
[Black "Sos Andreu, Eric"]
[Result "1-0"]
[TimeControl "15' + 2'' por jugada"]
[WhiteElo "2370"]
[BlackElo "2332"]

1. Nf3 c5 2. g3 g6 3.
Bg2 Bg7 4. c4 Nc6 5. O-O e6 6. Nc3 Nge7 7. d3 O-O 8. Bg5 h6 9. Bd2 d5 10. a3 b6 11. Rb1 Bb7 12. b4 cxb4 13. axb4 dxc4 14. dxc4 Rc8 15. Nb5 a6 16. Na3 Nf5 17. e3 Qe7 18. Qb3 Rfd8 19. Rfd1 Rd7 20. Be1 Rcd8 21. Rxd7 Rxd7 22. b5 axb5 23. cxb5 Na7 24. Bb4 Qd8 25. Ne1 Bxg2 26. Kxg2 Qa8+ 27. Kg1 Qe4 28. Rc1 h5 29. Qc4 Qb7 30. h4 Be5 31. Ng2 Qf3 32. Ne1 Qb7 33. Ng2 Rc7 34. Qf1 Rxc1 35. Qxc1 Qd5 36. Qc2 Nd6 37. Bxd6 Bxd6 38. Nc4 Bc5 39. Qa4 Qd7 40. Ne5 Qc7 41. Nc6 Nc8 42. Nf4 Kg7 43. Nd3 Bf8 44. Nde5 Nd6 45. Nc4 Nxc4 46. Qxc4 Bc5 47. Qc3+ Kh7 48. Qf6 Kg8 49. Kg2 Qd6 50. Ne5 Qe7 51. Qf3 Bd6 52. Nc4 Bc5 53. Qc6 Qd8 54. Ne5 Kg7 55. Nd7 Kg8 56. Nxc5 bxc5 57. Qxc5 1-0

[Event "XVI Open Internacional Villa de Ibi"]
[Site "Ibi, Spain"]
[Date "2018.09.09"]
[Round "5.3"]
[White "Diaz Velandia, Jose Manuel"]
[Black "Giaccio, Alfredo"]
[Result "1-0"]
[TimeControl "15' + 2'' por jugada"]
[WhiteElo "2368"]
[BlackElo "2442"]

1. d4 e6 2. Nf3 b6 3. e3 Bb7 4. Bd3 f5 5. O-O Nf6 6.
Nbd2 Be7 7. Qe2 Ne4 8. Ne5 O-O 9. f3 Nxd2 10. Bxd2 d6 11. Nc4 c5 12. Be1 Nc6 13. c3 b5 14. Nd2 a6 15. Bf2 Qc7 16. e4 f4 17. a4 c4 18.
Bc2 e5 19. d5 Nb8 20. axb5 axb5 21. Rxa8 Bxa8 22. Ra1 Nd7 23. Ra7 Bb7 24. b3 Nb6 25. bxc4 bxc4 26. Qf1 Ra8 27. Rxa8+ Bxa8 28. Qa1 Bb7 29. Qa2 Bd8 30. h3 Qc8 31. Qa3 Qc7 32. Qb4 Ba6 33.
Bd1 Nc8 34. Qa4 h6 35. Qxa6 Qb8 36. Be2 Ne7 37. Nxc4 Qb1+ 38. Bf1 Ng6 39. Qxd6 Bf6 40. Qe6+ Kh8 41. d6 Kh7 42. d7 Qc2 43. Qxf6 1-0

[Event "XVI Open Internacional Villa de Ibi"]
[Site "Ibi, Spain"]
[Date "2018.09.09"]
[Round "5.4"]
[White "Arias Igual, Alejandro"]
[Black "Camarena Gimenez, Rufino"]
[Result "0-1"]
[TimeControl "15' + 2'' por jugada"]
[WhiteElo "2260"]
[BlackElo "2339"]

1. e4 e6 2. d4 d5 3. exd5 exd5 4. Nf3 Nf6 5. Bd3 c5 6. dxc5 Bxc5 7. O-O O-O 8. Bg5 h6 9. Bh4 Nc6 10. Nbd2 Be6 11. c3 g5 12. Bg3 Nh5 13. Nb3 Nxg3 14. hxg3 Bb6 15. Bc2 Kg7 16. Qd3 Rh8 17. Nbd4 Qf6 18. Nf5+ Bxf5 19. Qxf5 Qxf5 20.
Bxf5 h5 21. Bc2 g4 22. Nh4 d4 23.
Nf5+ Kf6 24. cxd4 Nxd4 25. Nxd4 Bxd4 26. Rad1 Rad8 27. Rd3 Bxb2 28. Rb1 Rxd3 29. Bxd3 Bd4 30. Rxb7 h4 31.
Rb4 Ke5 32. Rb5+ Kd6 33. Kf1 h3 34. gxh3 gxh3 35. Be4 Bc5 36. Rb1 Re8 37. Bf5 h2 38. Kg2 Re2 39. Kxh2 Rxf2+ 40. Kh3 Rxf5 41. Rb2 Rf2 42. Rb7 f5 43. a4 Ra2 44. Rf7 Ke6 45.
Rc7 Bb6 46. Rc4 Ra3 47. Kh4 Bf2 0-1

[Event "XVI Open Internacional Villa de Ibi"]
[Site "Ibi, Spain"]
[Date "2018.09.09"]
[Round "5.5"]
[White "Cruz Lledo, Pablo"]
[Black "Martinez Tormo, Jorge"]
[Result "1-0"]
[TimeControl "15' + 2'' por jugada"]
[WhiteElo "2436"]
[BlackElo "2157"]

1. d4 d5 2. g3 e6 3. Bg2 f5 4. Nh3 Nf6 5. O-O Bd6 6. Bf4 O-O 7. Nd2 c6 8. c4 b6 9. f3 Bb7 10.
e4 dxe4 11. fxe4 Bxf4 12. Nxf4 Qxd4+ 13. Kh1 Re8 14. exf5 exf5 15. Qc2 Ng4 16. Qxf5 Ne3 17. Qh5 Nd7 18. Nf3 Qxb2 19. Ng5 Nf6 20.
Qf7+ Kh8 21. Qxb7 Nxf1 22. Rxf1 Rac8 23.
Nf7+ Kg8 24. Nd6 Rcd8 25. Qf7+ Kh8 26. Nxe8 1-0

[Event "XVI Open Internacional Villa de Ibi"]
[Site "Ibi, Spain"]
[Date "2018.09.09"]
[Round "5.6"]
[White "Chernikov, Vladimir"]
[Black "Ibanez Aullana, Ramon"]
[Result "0-1"]
[TimeControl "15' + 2'' por jugada"]
[WhiteElo "2158"]
[BlackElo "2301"]

1. b3 Nf6 2. Bb2 g6 3. Bxf6 exf6 4. c4 Bg7 5. Nc3 O-O 6. g3 f5 7. Rc1 Re8 8. Bg2 f4 9. gxf4 Qh4 10. Nd5 Na6 11. f5 Qg5 12. Bh3 d6 13. Nf3 Qh5 14. Bg2 Bxf5 15.
O-O c6 16. Ne3 Bh3 17. d4 Bh6 18. Rc3 Re4 19. Qd3 Rae8 20. Ne5 Rxe3 21. fxe3 dxe5 22. dxe5 Nc5 23. Qd4 Qg5 24. Rf2 Rd8 25. Kh1 Rxd4 26. exd4 Bxg2+ 27. Rxg2 Qd2 0-1

[Event "XVI Open Internacional Villa de Ibi"]
[Site "Ibi, Spain"]
[Date "2018.09.09"]
[Round "5.7"]
[White "Garcia Amoros, Pablo"]
[Black "Cano Gimenez, Vicente"]
[Result "1-0"]
[TimeControl "15' + 2'' por jugada"]
[WhiteElo "2097"]
[BlackElo "2288"]

1. e4 c5 2. Nf3 g6 3. d4 cxd4 4. Nxd4 Nc6 5. c4 Nf6 6. Nc3 d6 7. Be2 Nxd4 8. Qxd4 Bg7 9. Be3 O-O 10. Qd1 Qa5 11. O-O Be6 12. Rc1 Rfc8 13. b3 b5 14. Nxb5 Nxe4 15. Bf3 f5 16. Bd4 a6 17. Bxe4 fxe4 18. Nc3 Bh6 19. Rc2 e3 20. Bxe3 Bxe3 21. fxe3 Rc5 22.
e4 Re5 23. Nd5 Bxd5 24. exd5 Qc5+ 25. Kh1 Qe3 26. Rcf2 a5 27. h3 Rb8 28. Qg4 Rd8 29. Rf7 Qe4 30. R7f4 Qe2 31. Qxe2 Rxe2 32. R4f2 Re4 33. Rc2 Rb8 34. Kg1 a4 35. Rf3 Re1+ 36. Rf1 Rxf1+ 37. Kxf1 axb3 38. Rb2 Rb4 39.
axb3 Kf7 40. Ke2 e6 41. dxe6+ Kxe6 42. Kd3 d5 43.
Kc3 Rb8 44. b4 dxc4 45. Kxc4 Kd6 46. b5 Rf8 47. Rd2+ Kc7 48. Kc5 Rf5+ 49. Rd5 Rf2 50. b6+ Kc8 51. g4 Rf3 52. h4 Rg3 53. Rd4 Rh3 54. g5 Rh1 55. Rc4 Rd1 56. Kc6 Rd2 57. Rf4 Rc2+ 58. Kd6 Rb2 59. Rf8+ Kb7 60. Rf7+ Kxb6 61. Rxh7 Re2 62. Rh6 Re4 63. h5 gxh5 64.
Rxh5 Rg4 65. Ke6 Kc7 66. Kf5 Rg1 67. g6 Kd7 68. Rg5 Rf1+ 69. Ke5 Rf8 70. g7 Rg8 71. Kf6 1-0

[Event "XVI Open Internacional Villa de Ibi"]
[Site "Ibi, Spain"]
[Date "2018.09.09"]
[Round "6.1"]
[White "Granero Roca, Antonio"]
[Black "Plaskett, H James"]
[Result "1-0"]
[TimeControl "15' + 2'' por jugada"]
[WhiteElo "2370"]
[BlackElo "2450"]

1. Nf3 Nf6 2. g3 d5 3. Bg2 c6 4.
O-O Bf5 5. d3 e6 6. Nbd2 Be7 7. c4 O-O 8. b3 a5 9. a3 h6 10.
Bb2 Na6 11. Qc2 Bh7 12. Rfe1 Rc8 13.
Ne5 Bd6 14. e4 b5 15. h3 bxc4 16. bxc4 Nc5 17. Rac1 Qc7 18. Ng4 Nxg4 19. hxg4 dxe4 20. Nxe4 Nxe4 21. dxe4 Rfd8 22. c5 Be5 23. Red1 Bg6 24. Bc3 Rb8 25. f4 Bxc3 26. Qxc3 a4 27. Kh2 Rb3 28. Qe5 Qa5 29. Rxd8+ Qxd8 30. Qd6 Qc8 31. f5 Bh7 32. Rd1 Rb8 33. Qe7 Qf8 34. Qc7 Rc8 35. Qd6 Re8 36. Rd4 h5 37. Qxf8+ Kxf8 38. fxe6 hxg4 39. exf7 Re5 40. Rc4 Kxf7 41. Kg1 Ke6 42. Kf2 Rh5 43. Ke3 Rh2 44. Bf1 Ra2 45. Rxa4 {Bandera} 1-0

[Event "XVI Open Internacional Villa de Ibi"]
[Site "Ibi, Spain"]
[Date "2018.09.09"]
[Round "6.2"]
[White "Ibanez Aullana, Ramon"]
[Black "Cruz Lledo, Pablo"]
[Result "0-1"]
[TimeControl "15' + 2'' por jugada"]
[WhiteElo "2301"]
[BlackElo "2436"]

1. e4 c6 2. Nc3 d5 3. Nf3 dxe4 4. Nxe4 Nf6 5. Nxf6+ exf6 6. d4 Bd6 7. c3 O-O 8. Qc2 Re8+ 9. Be3 f5 10. O-O-O f4 11. Bd2 Nd7 12. Bd3 Nf8 13. Ne5 Qf6 14. g3 f3 15. h4 h6 16. Kb1 Be6 17.
g4 Bxe5 18. g5 Qe7 19. dxe5 h5 20.
g6 fxg6 21. Rde1 Qf7 22. Ka1 Rad8 23. Rhg1 Bg4 24. b3 b5 25. Re4 Bf5 26. Rd4 Bxd3 27. Qxd3 Ne6 28. Rd6 Qf5 29. Qxf5 gxf5 30. Bg5 Rc8 31. Be3 Rc7 32. b4 Ree7 33. Kb2 c5 34. bxc5 Nxc5 35. Bd4 Nd3+ 36. Kb3 Nxe5 37. Rg5 Nc6 38. Rxf5 b4 39. Kb2 Red7 40. Rxd7 Rxd7 41. Be3 bxc3+ 42. Kxc3 g6 43. Rxf3 Rc7 44. Rf6 Ne7+ 45. Kd2 Kg7 46. Bd4 Kg8 47. Rd6 Kf7 48. Rf6+ Ke8 49. Be5 Rc5 50. Bd4 Ra5 51. Ke1 Rxa2 52. Bc5 Nd5 53.
Rxg6 Nf4 54. Rg5 Ra5 55. Be3 Rxg5 56. hxg5 Ng2+ 57. Kd2 Nxe3 58. Kxe3 a5 59. f4 a4 60. Kd4 a3 61. Kc3 h4 62. g6 0-1

[Event "XVI Open Internacional Villa de Ibi"]
[Site "Ibi, Spain"]
[Date "2018.09.09"]
[Round "6.3"]
[White "Garcia, Jhoel"]
[Black "Diaz Velandia, Jose Manuel"]
[Result "1-0"]
[TimeControl "15' + 2'' por jugada"]
[WhiteElo "2250"]
[BlackElo "2368"]

1. e4 c6 2. d4 d5 3. Nc3 dxe4 4. Nxe4 Nf6 5. Nxf6+ exf6 6. c3 Bd6 7. Bd3 O-O 8. Ne2 Bg4 9. Qc2 h6 10. Be3 Nd7 11.
h3 Be6 12. Nf4 Re8 13. Nxe6 fxe6 14. O-O Nf8 15. Rfe1 Qc7 16. Re2 e5 17. dxe5 Rxe5 18. Rae1 Kh8 19. b3 Rae8 20.
Bd4 Rxe2 21. Rxe2 Rxe2 22. Qxe2 c5 23. Be3 Be5 24. c4 b6 25. Be4 Qd7 26.
Bd5 Qf5 27. Qd1 Kh7 28. Bf7 Qd7 29.
Qb1+ f5 30. Bd5 Ng6 31. Qd3 Kh8 32. a3 Ne7 33. b4 cxb4 34. axb4 Qd6 35. b5 Qb4 36. g3 Qd6 37. Bc1 Qb4 38. Ba3 Qe1+ 39. Kg2 Bf6 40. Bf3 Kh7 41. Qd7 Qe5 42. Qxa7 Ng6 43.
Qf7 f4 44. Bd5 Ne7 45. gxf4 Qe2 46. Qe6 Qxe6 47. Bxe6 Kg6 48. c5 bxc5 49. Bxc5 Nf5 50. Bxf5+ Kxf5 51. b6 Bd8 52. b7 1-0

[Event "XVI Open Internacional Villa de Ibi"]
[Site "Ibi, Spain"]
[Date "2018.09.09"]
[Round "6.4"]
[White "Serarols Mabras, Bernat"]
[Black "Galvan, Jesus"]
[Result "1-0"]
[TimeControl "15' + 2'' por jugada"]
[WhiteElo "2367"]
[BlackElo "2185"]

1. d4 d6 2. Nf3 Bg4 3. g3 Bxf3 4. exf3 c6 5. c4 Nf6 6. Nc3 e6 7. Bg2 d5 8. O-O Be7 9. f4 dxc4 10. Be3 O-O 11. Qe2 Nbd7 12. Qxc4 Nb6 13. Qd3 g6 14. Rad1 Re8 15. h4 Bf8 16. Bf3 h5 17. Kg2 Bg7 18. Rfe1 Nbd5 19. Bc1 Qa5 20. a3 Rad8 21. Qc2 Ne7 22. b4 Qc7 23. Bb2 Qb8 24.
Na4 Nf5 25. Nc5 Nd5 26. Nd3 a5 27.
bxa5 Qa8 28. Nc5 Nc7 29. Qa4 Nb5 30. a6 Nbxd4 31. Bxd4 b5 32. Qa5 Rxd4 33. Qb6 Rd5 34. Bxd5 cxd5 35. Qb7 Bf8 36. Nd7 Nd6 37. Qb6 Be7 38. a4 Rd8 39. Ne5 1-0

[Event "XVI Open Internacional Villa de Ibi"]
[Site "Ibi, Spain"]
[Date "2018.09.09"]
[Round "6.5"]
[White "Camarena Gimenez, Rufino"]
[Black "Nicolas Zapata, Javier"]
[Result "1/2-1/2"]
[TimeControl "15' + 2'' por jugada"]
[WhiteElo "2339"]
[BlackElo "2181"]

1. d4 Nf6 2. c4 e5 3. dxe5 Ne4 4. Nf3 Bb4+ 5. Nbd2 Nc6 6. a3 Bxd2+ 7. Bxd2 Qe7 8. Bf4 g5 9. Bg3 Nxg3 10. hxg3 Nxe5 11. Qd4 d6 12. O-O-O Bf5 13. e3 Rg8 14. Be2 Nc6 15. Qc3 O-O-O 16. Bd3 Bg6 17. Nd4 Qf6 18. Rd2 Nxd4 19.
Qxd4 Qxd4 20. exd4 Rde8 21. Bxg6 hxg6 22. Rh7 Re7 23. Kc2 Kd7 24. Kd3 f5 25. Rxe7+ Kxe7 26. Re2+ Kf6 27. d5 Rh8 28. b4 Kf7 29. c5 dxc5 30.
bxc5 Rh1 31. Rc2 Ra1 32. c6 Rxa3+ 33. Kd4 bxc6 34. Rxc6 Ra4+ 35. Kc5 Ra2 36.
Rxc7+ Kf6 37. Rc6+ Ke7 38. Rxg6 Rxf2 39. Rxg5 Rxg2 40. Rg7+ Kf8 41. Rxa7 Rxg3 42. Kd6 Ke8 43.
Ra8+ Kf7 44. Ke5 Rg5 45. Ra7+ Ke8 46. Ke6 Rg6+ 47. Kxf5 Rb6 48. Ke5 Rh6 49. Kd4 Kd8 50. Kc5 Kc8 51.
Rg7 Kd8 52. d6 Rh1 1/2-1/2

[Event "XVI Open Internacional Villa de Ibi"]
[Site "Ibi, Spain"]
[Date "2018.09.09"]
[Round "6.6"]
[White "Sos Andreu, Eric"]
[Black "Garcia Amoros, Pablo"]
[Result "1-0"]
[TimeControl "15' + 2'' por jugada"]
[WhiteElo "2332"]
[BlackElo "2097"]

1. e4 c5 2. Nc3 a6 3. Nge2 d6 4. g3 e5 5. Bg2 Nf6 6. O-O g6 7.
d3 Bg7 8. h3 O-O 9. f4 Nc6 10.
f5 h6 11. g4 g5 12. Ng3 Ne7 13. Be3 Ne8 14. Qd2 f6 15. a3 Bd7 16. h4 Nc7 17. Kf2 Nc6 18. Rh1 Be8 19. Rab1 Bf7 20. b4 Nd4 21. Nd5 Nxd5 22. exd5 Rc8 23.
c3 Nb5 24. a4 Nc7 25. c4 b6 26.
Ne4 Be8 27. a5 bxa5 28. bxc5 dxc5 29. Bxc5 Rf7 30. Qxa5 1-0

[Event "XVI Open Internacional Villa de Ibi"]
[Site "Ibi, Spain"]
[Date "2018.09.09"]
[Round "6.7"]
[White "Giaccio, Alfredo"]
[Black "Bendayan Claros, Aaron"]
[Result "1-0"]
[TimeControl "15' + 2'' por jugada"]
[WhiteElo "2442"]
[BlackElo "2171"]

1. e4 c6 2. d4 d5 3. e5 Bf5 4.
h4 h5 5. Bd3 Bxd3 6. Qxd3 e6 7. Bg5 Qa5+ 8. Nd2 Qa6 9. c4 Ne7 10. Ngf3 Nd7 11.
O-O Nf5 12. b3 f6 13. exf6 gxf6 14. Rfe1 Kf7 15. Rxe6 Ng7 16. Rxf6+ Nxf6 17. Ne5+ Kg8 18. Bxf6 c5 19. Qg6 cxd4 20. Qf7+ Kh7 21. Ndf3 1-0

[Event "XVI Open Internacional Villa de Ibi"]
[Site "Ibi, Spain"]
[Date "2018.09.09"]
[Round "7.1"]
[White "Cruz Lledo, Pablo"]
[Black "Granero Roca, Antonio"]
[Result "0-1"]
[TimeControl "15' + 2'' por jugada"]
[WhiteElo "2436"]
[BlackElo "2370"]

1. d4 Nf6 2. c4 c5 3. e3 g6 4. Nf3 Bg7 5. Be2 O-O 6. O-O cxd4 7. Nxd4 d6 8. Nc3 Nc6 9. b3 Bd7 10. Bb2 a6 11. Rc1 Qa5 12. Bf3 Rac8 13. Qe2 Rfe8 14. Rfd1 Nxd4 15.
exd4 b5 16. a3 bxc4 17. bxc4 Be6 18. Na2 Qa4 19. d5 Bf5 20. Nb4 e5 21. dxe6 Rxe6 22. Qd2 Be4 23. Bxf6 Bxf3 24. Bxg7 Bxd1 25. Bb2 Bb3 26. g4 a5 27. Qd4 f6 28.
Qd5 Qe8 29. Nd3 Qf7 30. Nf4 Rxc4 31. Rxc4 Re1+ 32. Kg2 Qxd5+ 33. Nxd5 Bxc4 34. Nxf6+ Kf7 35. Nxh7 Rb1 36. Bc3 a4 37. Ng5+ Kg8 38. Bd2 Rb3 39. Bc1 Bd5+ 40. f3 Rc3 41. Bf4 Rxa3 42. Bxd6 Rd3 43. Be5 a3 44. h4 a2 45.
h5 gxh5 46. gxh5 Bf7 47. h6 Bg6 48. Nh3 Rd5 49. Bf6 Kh7 50. Bg7 Kg8 51. Nf4 Rd2+ 52. Kg3 Bf7 53. Nh3 Rd1 54.
Ng5 Bg6 55. Kf4 Rh1 56. Bc3 Rxh6 57. Ke5 Rh1 58. Kf6 Bd3 59. f4 a1=Q 60. Bxa1 Rxa1 61. Ne6 Ra5 62. Nd4 Rd5 63. Nc6 Rd6+ 0-1

[Event "XVI Open Internacional Villa de Ibi"]
[Site "Ibi, Spain"]
[Date "2018.09.09"]
[Round "7.2"]
[White "Plaskett, H James"]
[Black "Garcia, Jhoel"]
[Result "1-0"]
[TimeControl "15' + 2'' por jugada"]
[WhiteElo "2450"]
[BlackElo "2250"]

1. d4 d5 2. c4 c6 3. Nf3 Nf6 4. Nc3 e6 5. Bg5 dxc4 6. e4 b5 7. e5 h6 8. Bh4 g5 9.
Nxg5 hxg5 10. Bxg5 Nbd7 11. exf6 Qb6 12. g3 Bb7 13. Bg2 c5 14. d5 O-O-O 15. O-O b4 16.
Na4 Qa6 17. a3 Bxd5 18. Bxd5 Ne5 19. axb4 Rxd5 20. Qe2 cxb4 21. Nc3 Qc6 22. Nxd5 Qxd5 23. f3 Bc5+ 24. Be3 Nd3 25. Bxc5 Qxc5+ 26. Kh1 Kb7 27. b3 Rd8 28. bxc4 Qxc4 29. Rad1 Rd5 30. Rd2 b3 31. Rfd1 Ne5 32.
Qxc4 Nxc4 33. Rxd5 exd5 34. h4 a5 35. h5 Ne5 36. Rxd5 a4 37. h6 Ng6 38. Ra5 Kb6 39.
Rxa4 Kb5 40. Ra8 Kc4 41. h7 b2 42. Rb8 Kc3 43.
Kg2 Kc2 44. Kh3 b1=Q 45. Rxb1 Kxb1 46. Kg4 Kc2 47. Kg5 Kd3 48. Kh6 Ke3 49.
f4 Ke4 50. Kg7 Kf5 51. Kxf7 Nh8+ 52. Kg7 Ke6 53. g4 1-0

[Event "XVI Open Internacional Villa de Ibi"]
[Site "Ibi, Spain"]
[Date "2018.09.09"]
[Round "7.3"]
[White "Sos Andreu, Eric"]
[Black "Serarols Mabras, Bernat"]
[Result "1/2-1/2"]
[TimeControl "15' + 2'' por jugada"]
[WhiteElo "2332"]
[BlackElo "2367"]

1. d4 Nf6 2. c4 e6 3. g3 d5 4. Nf3 Bb4+ 5. Bd2 Bd6 6. Bg2 c6 7. O-O O-O 8. Nc3 Nbd7 9.
b3 Re8 10. Qc2 dxc4 11. bxc4 e5 12. e3 Bc7 13. Rfd1 Qe7 14. Be1 exd4 15. exd4 Nb6 16. d5 cxd5 17. Nxd5 Nbxd5 18. cxd5 Rd8 19.
Bb4 Qxb4 20. Qxc7 Qd6 21. Qxd6 Rxd6 22. Ne5 Bf5 23. Nc4 Rd7 24. Rd4 Rad8 25. Ne3 Bg6 26. Rad1 Kf8 27. Nc4 Bf5 28. Ne3 Bg6 29.
a4 Bh5 30. g4 Bg6 31. Nc4 Bc2 32. R1d2 Bb3 33. Ne3 h6 34. Bf3 g6 35. Kg2 b6 36. h4 g5 37. h5 a6 38. d6 Ne8 39. Nf5 Be6 40. Nxh6 Kg8 41. Nf5 1/2-1/2

[Event "XVI Open Internacional Villa de Ibi"]
[Site "Ibi, Spain"]
[Date "2018.09.09"]
[Round "7.4"]
[White "Nicolas Zapata, Javier"]
[Black "Giaccio, Alfredo"]
[Result "0-1"]
[TimeControl "15' + 2'' por jugada"]
[WhiteElo "2181"]
[BlackElo "2442"]

1. e4 e6 2. d4 d5 3. exd5 exd5 4. c4 Bb4+ 5.
Nc3 Ne7 6. Nf3 O-O 7. Be2 dxc4 8. Bxc4 Bg4 9. O-O Nbc6 10. Be3 Nf5 11. d5 Ne5 12. Be2 Nxe3 13. fxe3 Qe7 14. Nxe5 Bxe2 15. Qxe2 Qxe5 16. Qd3 Rfe8 17. Rae1 g6 18. Rf4 Qxf4 19.
exf4 Rxe1+ 20. Kf2 Rae8 21. Qc4 Ba5 22. d6 Bb6+ 23. Kg3 R1e3+ 24. Kg4 c6 25. g3 R3e6 26. Kh3 Rxd6 27. Ne4 Rde6 28. Ng5 R6e7 29. f5 Be3 30. f6 Rd7 31. Nf3 Rd6 32.
Qh4 Ree6 33. g4 Rxf6 34. Kg2 h6 35. Qg3 Bf4 36. Qf2 Rd3 37. Qxa7 Bd6 38. Ne1 Rd2+ 39. Kh3 Rxh2# 0-1

[Event "XVI Open Internacional Villa de Ibi"]
[Site "Ibi, Spain"]
[Date "2018.09.09"]
[Round "7.5"]
[White "Arias Igual, Alejandro"]
[Black "Kovacevic, Slobodan"]
[Result "0-1"]
[TimeControl "15' + 2'' por jugada"]
[WhiteElo "2260"]
[BlackElo "2252"]

1. e4 c5 2. Nf3 e6 3. c3 Nc6 4. d4 d5 5. exd5 exd5 6.
Be2 Bd6 7. O-O Nge7 8. dxc5 Bxc5 9. Nbd2 O-O 10. Nb3 Bb6 11. Nfd4 Nf5 12. Bd3 Ncxd4 13. Nxd4 Nxd4 14. cxd4 Qf6 15. Qh5 h6 16. Qxd5 Bxd4 17. Qe4 g6 18. Qf4 Qxf4 19. Bxf4 g5 20. Bg3 Bxb2 21. Rab1 Bg7 22. Rfe1 Be6 23. Rxb7 Bxa2 24. h4 gxh4 25. Bxh4 a5 26. Re3 a4 27. Rg3 Kh8 28. Rb6 Be6 29. Be7 Rfb8 30. Rxb8+ Rxb8 31. Bc2 Rb2 32. Rxg7 Kxg7 33. Bxa4 Kg6 34. Bc6 Rb6 35. Bf3 Bf5 36. Bc5 Rb1+ 37. Kh2 h5 38.
Kg3 Rc1 39. Be3 Rh1 40. Kf4 Rh4+ 41. Kg3 Rc4 42. Bd5 Rc3 43. Bf3 Ra3 44. Bc5 Rc3 45.
Bd4 Rd3 46. Be3 Rb3 47. Bd4 Be4 48. Be3 Bxf3 49. Kxf3 Kf5 50. Kg3 Rb4 51.
Kf3 Rg4 52. Bc5 Ke5 53. Bb6 Kd5 54. Be3 Kc4 55. g3 Kd3 56. Bf4 Kc2 57. Ke4 Kd1 58. Kf5 Ke2 59. Be3 Rg6 60. Bd4 Kf3 61. Be3 Kg2 62. Bd4 Kh3 63. Be3 Kg2 64. Bd4 Kf3 65. Be3 Ke2 66. Bd4 Kd3 67.
Be3 Kc4 68. Bf4 Kd5 69. Be3 Kd6 70. Bf4+ Ke7 71. Be3 Kf8 72. Bd4 Kg8 73. Be3 Kh7 74. Bd4 Rd6 75. Be3 Kg7 76. Bf4 Rd5+ 77. Ke4 Rb5 78.
Be3 Kg6 79. Kf4 Rb4+ 80. Ke5 f6+ 81. Ke6 f5 82. Ke5 Re4+ 83. Kd5 Ra4 84. Ke5 Rb4 85. Kd5 f4 86. gxf4 Kf5 87. Bc5 Rb7 88. f3 h4 89. Bg1 Rb2 90. Bd4 Re2 {Bandera} 0-1

[Event "XVI Open Internacional Villa de Ibi"]
[Site "Ibi, Spain"]
[Date "2018.09.09"]
[Round "7.6"]
[White "Galvan, Jesus"]
[Black "Camarena Gimenez, Rufino"]
[Result "1/2-1/2"]
[TimeControl "15' + 2'' por jugada"]
[WhiteElo "2185"]
[BlackElo "2339"]

1. b3 e5 2. Bb2 d6 3.
e3 Nf6 4. c4 g6 5. d4 Bg7 6. Nc3 exd4 7. Qxd4 Nc6 8.
Qd2 O-O 9. Nf3 Re8 10. Be2 a5 11. O-O Bf5 12. Nd4 Nxd4 13. exd4 d5 14. Nxd5 Nxd5 15. cxd5 Be4 16. Rfe1 Bxd5 17. Bc4 Rxe1+ 18. Rxe1 c6 19.
Qf4 b5 20. Bd3 a4 21. Bc2 axb3 22. axb3 h5 23. h3 Ra2 24. Qc1 Qh4 25. Bb1 Ra8 26. Qe3 Qf6 27. Qg3 Rd8 28. Re2 Kh7 29. Re5 Qd6 30. Rxh5+ Kg8 31.
Re5 Bxe5 32. dxe5 Qe6 33. f4 Kf8 34. f5 gxf5 35. Qg5 Ke8 36. Bxf5 Qe7 37. Qg8+ Qf8 38. Qg5 Bxb3 39. Qf6 Qe7 40. Qxc6+ Kf8 41. Qh6+ Ke8 42. Qc6+ Kf8 43. Qh6+ Ke8 44. Qc6+ Kf8 45. Qh6+ Ke8 46. Qc6+ Kf8 47. Qh6+ 1/2-1/2

[Event "XVI Open Internacional Villa de Ibi"]
[Site "Ibi, Spain"]
[Date "2018.09.09"]
[Round "7.7"]
[White "Campos Gambuti, Luis Maria"]
[Black "Plaza Pardo, Jorge"]
[Result "1-0"]
[TimeControl "15' + 2'' por jugada"]
[WhiteElo "2382"]
[BlackElo "2094"]

1. d4 Nf6 2. Nc3 e6 3. e4 d5 4. Bg5 Be7 5. e5 Nfd7 6. Bxe7 Qxe7 7. f4 Nc6 8.
Nf3 Nb6 9. b3 Bd7 10. Qd2 O-O-O 11. a4 Kb8 12. a5 Nc8 13. Na4 b6 14. axb6 cxb6 15. Nc3 f6 16. Ba6 fxe5 17. fxe5 Nb4 18.
Be2 h6 19. Nd1 g5 20. Nf2 Rdg8 21. Ng4 Rg7 22. c3 Nc6 23.
b4 Be8 24. Nf6 Bg6 25. Bb5 Qc7 26.
O-O N8e7 27. Ra6 Rc8 28. Rfa1 Kb7 29. Qe2 Ra8 30. Nd2 Nb8 31. R6a3 Kc8 32. Nf1 Ng8 33. Ne8 Bxe8 34. Bxe8 Nd7 35. Ne3 Ne7 36. Qb5 Nc6 37. Ng4 Kd8 38. Bxd7 Kxd7 39. Nf6+ Ke7 40. Ra6 Qb7 {Bandera} 1-0

[Event "XVI Open Internacional Villa de Ibi"]
[Site "Ibi, Spain"]
[Date "2018.09.09"]
[Round "8.2"]
[White "Giaccio, Alfredo"]
[Black "Plaskett, H James"]
[Result "1/2-1/2"]
[TimeControl "15' + 2'' por jugada"]
[WhiteElo "2442"]
[BlackElo "2450"]

1. e4 c5 2. Nf3 d6 3. Nc3 e6 4.
d4 cxd4 5. Nxd4 Nf6 6. Nb3 a6 7. f4 Qc7 8. Bd3 b5 9. Qe2 Nbd7 10. a4 b4 11. Nd1 Bb7 12. Nf2 a5 13. O-O Be7 14. Be3 O-O 15. Rac1 d5 16. e5 Ne4 17. Nxe4 dxe4 18. Bb5
1/2-1/2

[Event "XVI Open Internacional Villa de Ibi"]
[Site "Ibi, Spain"]
[Date "2018.09.09"]
[Round "8.3"]
[White "Kovacevic, Slobodan"]
[Black "Sos Andreu, Eric"]
[Result "0-1"]
[TimeControl "15' + 2'' por jugada"]
[WhiteElo "2252"]
[BlackElo "2332"]

1. d4 Nf6 2. Bg5 Ne4 3.
Bf4 c5 4. d5 Qb6 5. Bc1 g6 6. c3 Bg7 7.
f3 Nf6 8. e4 d6 9. a4 O-O 10. Na3 Qd8 11. Ne2 e6 12. c4 exd5 13. cxd5 Nbd7 14. Nc4 Nb6 15. Nc3 Re8 16. Bg5 Nxc4 17.
Bxc4 Nxe4 18. Bxd8 Nxc3+ 19. Kd2 Nxd1 20. Raxd1 Rxd8 0-1

[Event "XVI Open Internacional Villa de Ibi"]
[Site "Ibi, Spain"]
[Date "2018.09.09"]
[Round "8.4"]
[White "Cano Gimenez, Vicente"]
[Black "Cruz Lledo, Pablo"]
[Result "1-0"]
[TimeControl "15' + 2'' por jugada"]
[WhiteElo "2288"]
[BlackElo "2436"]

1. Nf3 d5 2. g3 Nf6 3. Bg2 e6 4. O-O Be7 5. d4 O-O 6. c4 b6 7. Nc3 Bb7 8. Ne5 Nbd7 9. Qa4 Nxe5 10. dxe5 Ne4 11. Nxe4 dxe4 12. Rd1 Qe8 13. Qc2 Qc6 14. Rd4 Qc5 15. Rd7 Rad8 16. Be3 Qxe5 17. Bf4 Qf6 18. Rxc7 e5 19. Be3 Ba8 20. Rxa7 Bc5 21. Bxc5 bxc5 22. Bxe4 Bxe4 23. Qxe4 Rd2 24.
b3 h5 25. Re1 Rd4 26. Qf3 Qg6 27. Ra8 Rxa8 28. Qxa8+ Kh7 29. Qc8 Rd2 30. Qxc5 Qe4 31. Qe3 Qxe3 32. fxe3 Rxa2 33. Rc1 Rb2 34. Rc3 Kg6 35. c5 Ra2 36. c6 Ra8 37. b4 Kf6 38. b5 Ke6 39. b6 Kd6 40. b7 Ra1+ 41. Kf2 Kc7 42. Rb3 1-0

[Event "XVI Open Internacional Villa de Ibi"]
[Site "Ibi, Spain"]
[Date "2018.09.09"]
[Round "8.5"]
[White "Garcia, Jhoel"]
[Black "Campos Gambuti, Luis Maria"]
[Result "0-1"]
[TimeControl "15' + 2'' por jugada"]
[WhiteElo "2250"]
[BlackElo "2382"]

1. c4 c6 2. Nf3 d5 3. d4 Nf6 4. Nc3 a6 5. b3 Bf5 6.
e3 e6 7.
Bb2 Ne4 8. Nxe4 Bxe4 9. a3 Nd7 10. Bd3 f5 11. O-O Bd6 12. Ne5 Bxe5 13. dxe5 Bxd3 14. Qxd3 Nc5 15. Qc2 dxc4 16. Rad1 Qb6 17. b4 Nd7 18. Qxc4 Nf8 19. Rd6 Kf7 20. Rfd1 Re8 21. Qh4 Re7 22. Bd4 Qc7 23. f4 Ng6 24. Qf2 Rd7 25. Bc5 Rhd8 26. g4 Rxd6 27.
exd6 Qd7 28. e4 fxe4 29. Qe3 Kg8 30. Qxe4 Rf8 31. Rf1 Rf7 32. a4 b6 33. Bxb6 Qxd6 34. Bc5 Qd5 35. Qxd5 exd5 36. Bd6 Rd7 37. Bc5 Kf7 38.
f5 Ne5 39. h3 Nd3 40. Rf3 Nxc5 41. bxc5 Rb7 42. Re3 Rb1+ 43. Kg2 Rc1 44. Rb3 Rxc5 45. Rb6 a5 46. Kf3 Kf6 47. Rb8 Rc3+ 48. Kf4 Rc4+ 49. Kg3 h6 50. Rf8+ Ke7 51. Rg8 Kf7 52. Rc8 Kf6 53. h4 h5 54. Rf8+ Ke7 55. Rc8 Rxg4+ 56. Kf3 Rc4 57. Rh8 Rxh4 58. Ra8 Rxa4 0-1